 Dungeon Crawl Stone Soup version 0.23-a0-85-g22930c1 (webtiles) character file.

1374 Amnesiac the Magician (level 8, -9/52 HPs)
             Began as a Mummy Earth Elementalist on Aug 13, 2018.
             Mangled by an ice devil (14 damage)
             ... summoned by a kobold demonologist
             ... on level 6 of the Dungeon.
             The game lasted 00:11:14 (7861 turns).

Amnesiac the Magician (Mummy Earth Elementalist)    Turns: 7861, Time: 00:11:15

Health: -9/52      AC:  4    Str: 11    XL:     8   Next: 39%
Magic:  13/19      EV: 12    Int: 19    God:
Gold:   584        SH:  0    Dex: 12    Spells: 7/22 levels left

rFire    . . .     SeeInvis .   q - +0 falchion
rCold    . . .     Gourm    .   (no shield)
rNeg     + + +     Faith    .   h - +2 robe "Pite" {Int+2}
rPois    ∞         Spirit   .   (no helmet)
rElec    .         Reflect  .   (no cloak)
rCorr    .         Harm     +   (no gloves)
MR       +....                  (no boots)
Stlth    ++........             n - amulet of harm
HPRegen  0.17/turn              m - ring of fire
MPRegen  0.16/turn              (no ring)

@: no status effects
A: no food or potions, fire vulnerability, cold resistance 1, negative energy
resistance 3, torment resistance, unbreathing
a: no special abilities


You were on level 6 of the Dungeon.
You were not hungry.

You visited 2 branches of the dungeon, and saw 7 of its levels.
You also visited: Ossuary.

You collected 584 gold pieces.

Inventory:

Hand Weapons
 o - a +0 blowgun
 q - a +0 falchion (weapon)
Missiles
 i - 30 stones (quivered)
 p - 31 poisoned needles
Armour
 d - a +3 leather armour of magic resistance
 h - the +2 robe "Pite" (worn) {Int+2}
   (You found it on level 4 of the Dungeon)

   It affects your intelligence (+2).
Jewellery
 m - a ring of fire (left hand)
 n - an amulet of harm (around neck)
Wands
 b - a wand of flame (5)
 c - a wand of polymorph (22)
 l - a wand of paralysis (15)
Scrolls
 e - 5 scrolls of identify {!r}
 f - 3 scrolls of amnesia {!r}
 g - 2 scrolls of remove curse {!r}
 j - a scroll of enchant armour {!r}
 k - 3 scrolls of silence {!r}


   Skills:
 - Level 1.5 Dodging
 - Level 1.5 Stealth
 + Level 7.5 Spellcasting
 - Level 0.7 Transmutations
 * Level 7.5 Earth Magic


You had 7 spell levels left.
You knew the following spells:

 Your Spells              Type           Power        Failure   Level  Hunger
a - Sandblast             Erth           #####.       1%          1    N/A
b - Passwall              Tmut/Erth      ###.....     2%          2    N/A
c - Stone Arrow           Conj/Erth      ###...       6%          3    N/A
d - Lee's Rapid Deconstr  Erth           #####.....   12%         5    N/A
e - Petrify               Tmut/Erth      ###.....     17%         4    N/A

Your spell library contained the following spells:

 Spells                   Type           Power        Failure   Level  Hunger


Dungeon Overview and Level Annotations

Branches:
Dungeon (6/15)             Temple (1/1) D:6

Altars:
Ashenzari
Cheibriados
Elyvilon
Hepliaklqana
Kikubaaqudgha
Makhleb
Nemelex Xobeh
Ru
Sif Muna
Trog
Uskayaw
Wu Jian
Xom
Yredelemnul
Zin
The Shining One

Annotations:
D:3 3 runed doors, biddum's ghost, amateur OpFi


Innate Abilities, Weirdness & Mutations

You do not eat or drink.
Your flesh is vulnerable to fire.
You are immune to poison.
Your flesh is cold resistant. (rC+)
You are immune to negative energy. (rN+++)
You are immune to unholy pain and torment.
You can survive without breathing.


Message History

Casting: Sandblast (safe; 1% risk of failure)
Confirm with . or Enter, or press ? or * to list all spells.
Aiming: Sandblast (safe; 1% risk of failure)
Press: ? - help, Shift-Dir - straight line, f/p - kobold demonologist
Aim: a kobold demonologist, wielding a dagger and wearing a robe The blast of sand hits the kobold demonologist.
The kobold demonologist is moderately wounded.
i - 35 stones The kobold demonologist casts a spell.
Unknown command.
Casting: Sandblast (safe; 1% risk of failure)
Confirm with . or Enter, or press ? or * to list all spells.
Aiming: Sandblast (safe; 1% risk of failure)
Press: ? - help, Shift-Dir - straight line, f/p - kobold demonologist
Aim: a kobold demonologist, wielding a dagger and wearing a robe (moderately wounded)
The blast of sand hits the kobold demonologist.
The kobold demonologist is moderately wounded.
i - 34 stones The shadow imp grinds its teeth.
Unknown command.
Casting: Sandblast (safe; 1% risk of failure)
Confirm with . or Enter, or press ? or * to list all spells.
Aiming: Sandblast (safe; 1% risk of failure)
Press: ? - help, Shift-Dir - straight line, f/p - kobold demonologist
Aim: a kobold demonologist, wielding a dagger and wearing a robe (moderately wounded)
The blast of sand hits the kobold demonologist.
The kobold demonologist is moderately wounded.
i - 33 stones The kobold demonologist mumbles some strange words.
Unknown command.
Casting: Sandblast (safe; 1% risk of failure)
Confirm with . or Enter, or press ? or * to list all spells.
Aiming: Sandblast (safe; 1% risk of failure)
Press: ? - help, Shift-Dir - straight line, f/p - kobold demonologist
Aim: a kobold demonologist, wielding a dagger and wearing a robe (moderately wounded)
The blast of sand hits the kobold demonologist.
The kobold demonologist is heavily wounded.
i - 32 stones The kobold demonologist looks satisfied for a moment.
The ice devil barely misses you.
Casting: Sandblast (safe; 1% risk of failure)
Confirm with . or Enter, or press ? or * to list all spells.
Aiming: Sandblast (safe; 1% risk of failure)
Press: ? - help, Shift-Dir - straight line, f/p - kobold demonologist
Aim: a kobold demonologist, wielding a dagger and wearing a robe (heavily wounded)
The blast of sand hits the kobold demonologist.
The kobold demonologist is severely wounded.
i - 31 stones The kobold demonologist mumbles some strange words.
The ice devil hits you! The ice devil freezes you!!
* * * LOW HITPOINT WARNING * * *
Casting: Sandblast (safe; 1% risk of failure)
Confirm with . or Enter, or press ? or * to list all spells.
Aiming: Sandblast (safe; 1% risk of failure)
Press: ? - help, Shift-Dir - straight line, f/p - kobold demonologist
Aim: a kobold demonologist, wielding a dagger and wearing a robe (severely wounded)
The blast of sand hits the kobold demonologist.
The kobold demonologist is severely wounded.
i - 30 stones The kobold demonologist barely misses you.
The orange demon stings you from afar!
* * * LOW HITPOINT WARNING * * *
The ice devil hits you!
You die...

#.###### #.# #.# #.#
###.# #
##.#.######### .#
###............. ..#
..%......#########4.#
###............4@K5.#
......#.###########.#
###...#.# #...#.##
#.<....##########
###........(......)
..(..###<##########
###..# #.# ...(.# #.#


You could see an orange demon, an ice devil, a kobold demonologist and a shadow
imp.

Vanquished Creatures
  Menkaure (D:4)
  An ogre (D:5)
  2 centaurs
  4 bullfrogs
  A scorpion (D:6)
  A howler monkey (D:4)
  A crimson imp (D:5)
  A centaur zombie (D:6)
  2 hounds (D:6)
  A jelly (D:5)
  2 iguanas (D:5)
  Jessica (D:2)
  Ijyb (D:5)
  4 worker ants
  A hound zombie (D:5)
  A hound skeleton (D:4)
  8 mummies (Ossuary)
  6 adders
  A shadow imp (D:5)
  An adder skeleton (D:5)
  An adder zombie (D:6)
  4 worms
  4 dart slugs
  A leopard gecko (D:3)
  12 orcs
  5 bats
  5 giant cockroaches
  6 hobgoblins
  3 jackals
  6 kobolds
  4 quokkas
  8 frilled lizards
  A gnoll zombie (Ossuary)
  4 goblins
  5 hobgoblin zombies (Ossuary)
  A leopard gecko skeleton (D:5)
  2 orc zombies (Ossuary)
  A quokka skeleton (D:4)
  6 rats
120 creatures vanquished.

Vanquished Creatures (others)
  A frilled lizard (D:2)
1 creature vanquished.

Grand Total: 121 creatures vanquished

Notes
Turn   | Place    | Note
-------+----------+-------------------------------------------
     0 | D:1      | Amnesiac the Mummy Earth Elementalist began the quest for the Orb.
     0 | D:1      | Reached XP level 1. HP: 13/13 MP: 4/4
   592 | D:1      | Reached XP level 2. HP: 18/19 MP: 3/5
   602 | D:1      | Learned a level 2 spell: Passwall
   697 | D:2      | Found a hide-covered altar of Uskayaw.
   775 | D:2      | Noticed Jessica
   781 | D:2      | Killed Jessica
   781 | D:2      | Reached XP level 3. HP: 24/24 MP: 4/7
   807 | D:2      | Reached XP level 4. HP: 23/30 MP: 4/9
   828 | D:2      | Learned a level 3 spell: Stone Arrow
   833 | D:2      | Learned a level 4 spell: Petrify
   921 | D:2      | Found a white marble altar of Elyvilon.
   947 | D:3      | Found a runed gate.
   947 | D:3      | Noticed biddum's ghost (amateur OpFi)
   948 | D:3      | Found a runed gate.
   948 | D:3      | Found a runed gate.
  1145 | D:4      | Got a tattered robe
  1253 | D:3      | Identified the +2 robe "Pite" {Int+2} (You found it on level 4 of the Dungeon)
  1375 | D:3      | Reached XP level 5. HP: 14/35 MP: 3/11
  1697 | D:5      | Entered Level 5 of the Dungeon
  1776 | D:5      | Noticed Menkaure
  1782 | D:4      | Killed Menkaure
  1782 | D:4      | Reached XP level 6. HP: 16/41 MP: 7/13
  2044 | D:5      | Found a sand-covered staircase.
  2054 | Ossuary  | Entered an ossuary
  2223 | Ossuary  | Reached skill level 5 in Earth Magic
  2333 | Ossuary  | Reached skill level 5 in Spellcasting
  2391 | Ossuary  | Learned a level 5 spell: Lee's Rapid Deconstruction
  2916 | D:5      | Noticed Ijyb
  3373 | D:6      | HP: 2/41 [centaur/shortbow (3)]
  3379 | D:6      | Noticed an orc warrior
  3664 | D:5      | Reached XP level 7. HP: 45/46 MP: 2/15
  3993 | D:5      | Found a snail-covered altar of Cheibriados.
  4683 | D:5      | Killed Ijyb
  5450 | D:6      | Found an ornate altar of the Wu Jian Council.
  5592 | D:6      | Reached XP level 8. HP: 52/52 MP: 12/18
  5718 | D:6      | Found a staircase to the Ecumenical Temple.
  5756 | Temple   | Entered the Ecumenical Temple
  7106 | D:2      | Found a glowing golden altar of the Shining One.
  7108 | D:2      | Noticed an angel
  7137 | D:2      | Found a basalt altar of Yredelemnul.
  7140 | D:2      | Noticed a profane servitor
  7854 | D:6      | Noticed a kobold demonologist
  7859 | D:6      | Noticed an ice devil
  7861 | D:6      | Noticed an orange demon
  7861 | D:6      | Mangled by an ice devil

Vault maps used:
D:1:      sevenhm_arrival_forest_fort_large_2, minmay_small_reverse_x
D:2:      grunt_temple_overflow_holy_war, nicolae_overflow_crystal_walls,
          elyvilon_altar_5, uniq_jessica
D:3:      gammafunk_ghost_split, small_statue_intersection
D:4:      first_ration
D:5:      kennysheep_slug_shrine, nicolae_ossuary_entry_ruins, uniq_menkaure,
          uniq_ijyb
D:6:      lemuel_coloured_pillars_altar, minmay_temple_entry_grid,
          hangedman_abyss_or_decor_passed
Temple:   eino_wide_crystal_templ
Ossuary:  ossuary_tomb_3

Skill      XL: |  1  2  3  4  5  6  7  8 |
---------------+-------------------------+-----
Spellcasting   | 3 4 5 6 7 |  7.5
Earth Magic    | 3 4 5 6 7 |  7.5
Dodging        | |  1.5
Stealth        | |  1.5
Transmutations | |  0.7

Action                   |  1- 3 |  4- 6 |  7- 9 || total
-------------------------+-------+-------+-------++-------
Melee: Whip              |     6 |    63 |    16 ||    85
 Cast: Sandblast         |    21 |    42 |    40 ||   103
       Stone Arrow       |       |    33 |    14 ||    47
       Lee's Rapid Decon |       |       |    34 ||    34
Evoke: Wand              |       |       |     6 ||     6
  Use: Scroll            |       |     4 |     5 ||     9
 Stab: Sleeping          |       |     1 |       ||     1
Armor: Robe              |     1 |    15 |    13 ||    29
Dodge: Dodged            |     9 |    74 |    40 ||   123

Table legend:
 A = Non-vault XP
 B = Vault XP
 C = Vault XP percentage of total XP
 D = Non-vault monster count
 E = Vault monster count
 F = Vault count percentage of total count
 G = Total turns spent on level
                 A         B        C        D         E       F
            +---------+---------+-------+---------+---------+-------
      Total |    1559 |     404 |  20.6 |     100 |      20 |  16.7
            +---------+---------+-------+---------+---------+-------
        D:1 |      17 |       0 |   0.0 |       9 |       0 |   0.0
        D:2 |      85 |      37 |  30.3 |      21 |       1 |   4.5
        D:3 |     111 |       0 |   0.0 |      27 |       0 |   0.0
        D:4 |     122 |     172 |  58.5 |      15 |       1 |   6.2
        D:5 |     557 |      40 |   6.7 |      15 |       2 |  11.8
        D:6 |     667 |       0 |   0.0 |      13 |       0 |   0.0
    Ossuary |       0 |     155 | 100.0 |       0 |      16 | 100.0
            +---------+---------+-------+---------+---------+-------
